 Dungeon Crawl Stone Soup version 0.20.0-9-g8272e65 (console) character file.

107 2d6 the Skirmisher (level 4, -1/35 HPs)
             Began as a Barachi Skald on June 3, 2017.
             Succumbed to a gnoll's poison
             ... on level 2 of the Dungeon.
             The game lasted 00:08:45 (2437 turns).

2d6 the Skirmisher (Barachi Skald)                  Turns: 2437, Time: 00:08:45

Health: -1/35      AC: 10    Str: 14    XL:     4   Next: 86%
Magic:  7/7        EV:  7    Int: 13    God:
Gold:   123        SH:  0    Dex: 11    Spells: 6/7 levels left

rFire    . . .     SeeInvis .   a - +1 hand axe
rCold    . . .     Gourm    .   (no shield)
rNeg     . . .     Faith    .   o - +1 chain mail
rPois    .         Spirit   .   (no helmet)
rElec    .         Reflect  .   (no cloak)
rCorr    .         Harm     .   (no gloves)
MR       .....                  (no boots)
Stlth    ..........             n - amulet of magic regeneration
Regen    0.2/turn               (no ring)
MPRegen  0.2/turn               (no ring)

@: lethally poisoned (-1 -> -14), about to teleport, can't hop, slow
A: +LOS, swims, slowness 1, strong legs 1
a: Hop


You were on level 2 of the Dungeon.
You were hungry.

You visited 1 branch of the dungeon, and saw 2 of its levels.

You collected 123 gold pieces.

Inventory:

Hand Weapons
 a - a +1 hand axe (weapon)
 e - a +1 dagger of venom
Armour
 b - a +0 leather armour
 o - a +1 chain mail (worn)
Jewellery
 n - an amulet of magic regeneration (around neck)
Scrolls
 j - a scroll of magic mapping
Books
 c - a book of Battle

   Spells                             Type                      Level
   a - Infusion                       Charms                       1
   b - Shroud of Golubria             Charms/Translocation         2
   c - Song of Slaying                Charms                       2
   d - Spectral Weapon                Hexes/Charms                 3
   e - Regeneration                   Charms/Necromancy            3
Comestibles
 d - 3 bread rations
 g - 8 chunks of flesh
 k - a meat ration
 r - a royal jelly


   Skills:
 + Level 3.4 Fighting
 + Level 3.2 Axes
 * Level 2.8 Armour
 + Level 3.2 Dodging
 - Level 2.1 Spellcasting
 - Level 3.2 Charms


You had 6 spell levels left.
You knew the following spells:

 Your Spells              Type           Power        Failure   Level  Hunger
a - Infusion              Chrm           #...         85%         1    ##.....


Dungeon Overview and Level Annotations

Branches:
Dungeon (2/15)

Altars:


Innate Abilities, Weirdness & Mutations

Shadows flee at your approach. (+LOS)
You can swim through water.
You cover ground slowly.
You can hop short distances.


Message History

There is an open door here.
You aren't carrying any potions.
As you read the scroll labeled WORAFO SODGH, it crumbles to dust.
It is a scroll of enchant armour.
Your +0 chain mail glows green for a moment.
* * * LOW HITPOINT WARNING * * *
You feel sick. The adder bites you.
* * * LOW HITPOINT WARNING * * *
The adder bites you but does no damage. The gnoll hits you but does no damage.
You are more poisoned.
You aren't carrying any potions.
Your legs are too worn out to hop.
* * * LOW HITPOINT WARNING * * *
You feel sick.
As you read the scroll labeled PIYGO TE MODD, it crumbles to dust.
You feel strangely unstable.
It was a scroll of teleportation.
* * * LOW HITPOINT WARNING * * *
You feel sick. The adder barely misses you.
The gnoll hits you but does no damage.
You die...

#.# ...###.. ##...#.# #.# #.#
....##.. .......# #.#
#.###.$.##.###.....## ####.##
#.......##.##.......## ##.....#
#####g..##.#.........####...#.###
#........'.........'...........
###.#...####......$..####...#####
#...#!..# ##.......## #....#
#.#####.# ##..@..## #.####
#...#...# ##...## #.# ###§#§###
##S## #.# #§§§# #g# #.# ##§##
###.#######.# #§#
######.........#.# #g#
#...##....####.#.#
#.####...##.....# #.#
#!##...........## #.#


You could see a gnoll and an adder.

Vanquished Creatures
  4 gnolls
  An adder (D:2)
  5 dart slugs
  A leopard gecko (D:1)
  3 bats (D:1)
  4 giant cockroaches
  3 goblins
  8 hobgoblins
  7 jackals (D:1)
  4 kobolds (D:1)
  3 frilled lizards
  5 rats
48 creatures vanquished.

Notes
Turn   | Place    | Note
-------+----------+-------------------------------------------
     0 | D:1      | 2d6 the Barachi Skald began the quest for the Orb.
     0 | D:1      | Reached XP level 1. HP: 17/17 MP: 3/3
   395 | D:1      | Reached XP level 2. HP: 15/23 MP: 5/5
   922 | D:1      | Reached XP level 3. HP: 22/29 MP: 6/6
  1641 | D:1      | Reached XP level 4. HP: 13/35 MP: 7/7
  2436 | D:2      | HP: 1/35 [poisoned by a gnoll]
  2437 | D:2      | Succumbed to a gnoll's poison

Skill      XL: |  1  2  3  4 |
---------------+-------------+-----
Fighting       | 3 |  3.4
Dodging        | 3 |  3.2
Armour         | 2 |  2.8
Axes           | 3 |  3.2
Spellcasting   | |  2.1
Charms         | |  3.2

Action                   |  1- 3 |  4- 6 || total
-------------------------+-------+-------++-------
Melee: Hand axe          |   129 |    66 ||   195
 Cast: Infusion          |     1 |       ||     1
 Abil: Hop               |     1 |     2 ||     3
  Use: Scroll            |     3 |     6 ||     9
       Potion            |     1 |     3 ||     4
  Eat: Chunk             |     3 |     2 ||     5
Armor: Leather armour    |    36 |       ||    36
       Chain mail        |    26 |    37 ||    63
Dodge: Dodged            |    98 |    30 ||   128

Vault maps used:
D:1:      lightli_arrival_boilingwater, minmay_split_cup_small
D:2:      kennysheep_vampire_church
